 Dungeon Crawl Stone Soup version 0.30-a0-779-g7971cf19c3 (webtiles) character file.

Game seed: 5289623005389199966

273 theswoord the Shooter (level 6, -5/52 HPs)
             Began as a Naga Hunter on Feb 17, 2023.
             Was an Initiate of Kikubaaqudgha.
             Killed by an exploding ball python (24 damage)
             ... ignited by their inner flame
             ... on level 4 of the Dungeon.
             The game lasted 00:04:19 (2719 turns).

theswoord the Shooter (Naga Hunter)                 Turns: 2719, Time: 00:04:20

Health: -5/52      AC:  3    Str: 16    XL:     6   Next: 23%
Magic:  6/6        EV: 10    Int:  9    God:    Kikubaaqudgha [......]
Gold:   137        SH:  0    Dex: 20    Spells: 5/5 levels left

rFire   . . .      SeeInvis +    a - +0 shortbow
rCold   x . .      Faith    .    (shield currently unavailable)
rNeg    . . .      Spirit   .    c - +0 leather armour
rPois   +          Reflect  .    (no helmet)
rElec   +          Harm     .    (no cloak)
rCorr   .          Rampage  +    (no gloves)
Will    .....                    (no barding)
Stlth   ++                       i - amulet "Waduits" {Acrobat Rampage rElec rC- Slay+5}
HPRegen 0.28/turn                e - +6 ring of dexterity
MPRegen 0.10/turn                (no ring)

@: weakened, very slow
A: AC +2, large, see invisible, deformed body, poison resistance, slowness 2,
spit poison 1, naga tail 1
a: Spit Poison, Renounce Religion


You were on level 4 of the Dungeon.
You worshipped Kikubaaqudgha.
Kikubaaqudgha was noncommittal.
You visited 2 branches of the dungeon, and saw 5 of its levels.

You collected 137 gold pieces.

Inventory:

Hand Weapons
 a - a +0 shortbow (weapon)
Armour
 c - a +0 leather armour (worn)
Jewellery
 e - a +6 ring of dexterity (left hand)
 i - the amulet "Waduits" (around neck) {Acrobat Rampage rElec rC- Slay+5}
   (You found it on level 2 of the Dungeon)

   [amulet of the acrobat]

   It increases your evasion while moving and waiting.
   Slay:      It affects your accuracy & damage with ranged weapons and melee
   (+5).
   rC:        It makes you vulnerable to cold.
   rElec:     It insulates you from electricity.
   Rampage:   It bestows one free step when moving towards enemies.
Scrolls
 d - a scroll of teleportation
 g - 3 scrolls of identify
 k - a scroll of vulnerability
Potions
 f - 2 potions of heal wounds
 h - 2 potions of magic
 j - a potion of brilliance {unknown}
 l - a potion of ambrosia {unknown}


   Skills:
 - Level 2.0 Fighting
 + Level 6.7 Ranged Weapons
 - Level 1.5 Dodging
 - Level 1.5 Stealth


You had 5 spell levels left.
You didn't know any spells.
Your spell library contained the following spells:

 Spells                   Type           Power      Damage    Failure   Level
 Ignite Poison            Fire/Tmut/Pois 0%         N/A       83%         3
 Kindle Blastsparks       Fire/Tloc/Air  0%         2d10      83%         3
 Ozocubu's Armour         Ice            0%         N/A       83%         3
 Fulminant Prism          Conj/Hex       0%         3d5       99%         4
 Freezing Cloud           Conj/Ice/Air   0%         6-21      100%        5
 Summon Mana Viper        Hex/Summ       0%         N/A       100%        5
 Simulacrum               Ice/Necr       0%         N/A       100%        6


Dungeon Overview and Level Annotations

Branches:
Dungeon (4/15)             Temple (1/1) D:4

Altars:
Ashenzari
Cheibriados
Dithmenos
Fedhas
Gozag
Hepliaklqana
Kikubaaqudgha
Makhleb
Nemelex Xobeh
Okawaru
Qazlal
Sif Muna
Trog
Vehumet
Xom
Yredelemnul
Zin
The Shining One


Innate Abilities, Weirdness & Mutations

Your serpentine skin is tough. (AC +2)
You have supernaturally acute eyesight. (SInv)
Armour fits poorly on your strangely shaped body.
Your system is resistant to poisons. (rPois)
You cover ground very slowly.
You can spit poison.
You have a snake-like lower body.


Message History

The arrow hits the orc warrior!
A ball python comes into view.
The orc warrior hits you with a +0 flail!
A gnoll bouda comes into view. It is wielding a +0 club.
You shoot an arrow. The gnoll bouda shouts!
The ball python hisses angrily.
The arrow hits the orc warrior.
A gnoll comes into view. It is wielding a +0 whip.
The orc warrior hits you with a +0 flail!
You shoot an arrow.
The arrow barely misses the orc warrior.
The orc warrior hits you with a +0 flail!
* * * LOW HITPOINT WARNING * * *
An orc comes into view. It is wielding a +0 flail.
The gnoll bouda barks out a call to the hunt!
The gnoll picks up the pace!
You shoot an arrow. The arrow hits the orc warrior!
You kill the orc warrior!
Kikubaaqudgha accepts your kill.
The gnoll bouda gazes fiercely through you!
You feel your attacks grow feeble.
You hear a shout! x2; You hear an angry hiss.
You hear a shout!
You have reached level 6!
Your skin feels tougher.
Okay, then.
Really read the scroll of immolation? [Y]es or [N]o only, please.
Really read the scroll of immolation? [Y]es or [N]o only, please.
Really read the scroll of immolation?
As you read the scroll of immolation, it crumbles to dust.
The creatures around you are filled with an inner flame!
An orc comes into view. It is wielding a +0 mace.
An iguana comes into view.
You shoot an arrow. The arrow hits the ball python!
Kikubaaqudgha accepts your kill.
The ball python explodes!
The fiery explosion engulfs you!!
You die...
Kikubaaqudgha rasps: "You have failed me!
Welcome... death!"

#...................
....#.....#..<#####
###.#.....#.#..#
#.#.....#.##.###
#.#######......# #.#
#####..# #.# ##.#
##'######## #.#
#.........# #@#
#.....###.#
#§§§o.ggg #.....#
#.# #§##o###l
#.....# #.# #.# #
#.....###.#####..
#.....##......###
########......#
#......# ##.#####


You could see a gnoll bouda (inner flame), an iguana, 2 gnolls and 2 orcs.

Vanquished Creatures
  An orc warrior (D:4)
  An orc priest (D:4)
  An iguana (D:4)
  3 adders (D:2)
  3 gnolls (D:3)
  An ufetubus (D:4)
  3 dart slugs
  5 endoplasms
  2 giant cockroaches (D:1)
  4 goblins
  7 hobgoblins
  4 jackals (D:2)
  3 quokkas
  9 ball pythons
  3 bats
  3 frilled lizards
  3 kobolds
  A rat (D:1)
57 creatures vanquished.

Notes
Turn   | Place    | Note
-------+----------+-------------------------------------------
     0 | D:1      | theswoord the Naga Hunter began the quest for the Orb.
     0 | D:1      | Reached XP level 1. HP: 19/19 MP: 1/1
   141 | D:1      | Found a faded altar of an unknown god.
   166 | D:1      | Reached skill level 4 in Ranged Weapons
   166 | D:1      | Reached XP level 2. HP: 26/26 MP: 2/2
   466 | D:1      | Reached XP level 3. HP: 32/32 MP: 3/3
   899 | D:2      | Got the Quarto of Enchantment and the Glacier
   987 | D:2      | Identified the amulet "Waduits" {Acrobat Rampage rElec rC-
                  | Slay+5}
  1050 | D:2      | Reached skill level 5 in Ranged Weapons
  1050 | D:2      | Reached XP level 4. HP: 39/39 MP: 4/4
  1934 | D:3      | Reached XP level 5. HP: 45/45 MP: 5/5
  2009 | D:3      | Identified the +6 spear of Premature Burial {venom, Str+3}
  2231 | D:4      | Found a staircase to the Ecumenical Temple.
  2310 | D:4      | Reached skill level 6 in Ranged Weapons
  2348 | Temple   | Entered the Ecumenical Temple
  2529 | Temple   | Became a worshipper of Kikubaaqudgha
  2709 | D:4      | Noticed an orc warrior
  2717 | D:4      | Killed an orc warrior
  2718 | D:4      | Reached XP level 6. HP: 19/52 MP: 6/6
  2719 | D:4      | Killed by an exploding ball python... ignited by their
                  | inner flame

Skill      XL: |  1  2  3  4  5 |
---------------+----------------+-----
Ranged Weapons | 4 5 6 |  6.7
Fighting       | |  2.0
Dodging        | |  1.5
Stealth        | |  1.5

Action                     |  1- 3 |  4- 6 || total
---------------------------+-------+-------++-------
   Fire: Shortbow          |    96 |    55 ||   151
    Use: Scroll            |     2 |     9 ||    11
         Potion            |     2 |       ||     2
 Armour: Leather armour    |     7 |     4 ||    11
  Dodge: Dodged            |    18 |    10 ||    28

Levels and vault maps discovered:
D:1:      shiori_arrival_maze, layout_basic, hellmonk_ecumenical_altar_lost_god,
          serial_glass, glass_columns_c, glass_columns_a
D:2:      layout_basic
D:3:      layout_loops_ring
D:4:      layout_basic, minmay_temple_entry_proselytizer
Temple:   dpeg_five_rooms_temple
